AoeStats
← Fari

Nomad

503617147Analyzed
1v1 RM · 29d ago on Sep 1, 2026· 38m 14s· 2 players
Game mode
Random Map
Map size
126×126
Population
200
Speed
Normal
Resources
Standard
Victory
Conquest
Starting age
Dark Age
Ending age
Imperial Age
RankedLock teamsTeams togetherTeam positionsShared explorationLock speedFull tech treeHidden civsTurbo modeCheats
Victory
Defeat
🇪🇸 Huns · Spain
1166
+15
🇧🇷 Tupi · Brazil
1134
-15
kugat
9:29 Loom
12:23 Feudal Age
14:49 Bloodlines
16:30 Wheelbarrow
18:21 Fletching
18:32 Padded Archer Armor
23:05 Castle Age
22:05 Forging
24:05 Thumb Ring
36:50 Horse Collar
Fari
6:56 Loom
14:22 Feudal Age
21:22 Castle Age
19:33 Double-Bit Axe
19:28 Horse Collar
21:05 Fletching
31:05 Bodkin Arrow
31:14 Pikeman
Connection lost

Rejoining the realm…

Still unreachable

The connection could not be restored.

Session expired

The server has moved on; the page needs a fresh start.